 Dungeon Sprint DCSS version 0.30-a0-1157-g2cc9ac7196 (webtiles) character file.

Game seed: 4145538121395528540

67 123456 the Trooper (level 3, -1/38 HPs)
             Began as a Minotaur Fighter on Apr 24, 2023.
             Slain by a hound (3 damage)
             ... in the Dungeon (Sprint IX: "|||||||||||||||||||||||||||||").
             The game lasted 00:00:11 (39 turns).

123456 the Trooper (Minotaur Fighter)                 Turns: 39, Time: 00:00:11

Health: -1/38      AC:  0    Str: 22    XL:     3   Next: 98%
Magic:  2/2        EV: 10    Int:  5    God:
Gold:   0          SH:  4    Dex:  9    Spells: 2/2 levels left

rFire   . . .        a - +0 flail
rCold   . . .        c - +0 buckler
rNeg    . . .        b - +0 scale mail
rPois   .            (helmet restricted)
rElec   .            (no cloak)
rCorr   .            (no gloves)
SInv    .            (no boots)
Will    .....        (no amulet) Stlth
                     (no ring)
HPRegen 0.26/turn    (no ring)
MPRegen 0.08/turn

%: no teleportation
@: corroded
A: horns 2, retaliatory headbutt
a: no special abilities


You were in the Dungeon.
You visited 1 branch

Inventory:

Hand Weapons
 a - a +0 flail (weapon)
Armour
 b - a +0 scale mail (worn)
 c - a +0 buckler (worn)
Scrolls
 j - a scroll of blinking
Potions
 d - a potion of might
 e - a potion of curing
 f - a potion of heal wounds
 g - a potion of haste
 h - 2 potions of magic
 i - a potion of berserk rage


   Skills:
 * Level 6.5 Fighting
 * Level 5.8 Maces & Flails
 + Level 5.1 Armour
 + Level 3.0 Dodging
 - Level 3.6 Shields


You had 2 spell levels left.
You didn't know any spells.
Your spell library was empty.

Dungeon Overview and Level Annotations

Branches:
Dungeon (1/1)

Altars:


Innate Abilities, Weirdness & Mutations

You have a pair of horns on your head.
You reflexively headbutt those who attack you in melee.


Message History

The jelly is severely wounded.
The jelly closely misses you.
You are too injured to fight recklessly!
You are too injured to fight recklessly!
You are too injured to fight recklessly!
Unknown command.
Unknown command.
You sock the jelly!
You kill the jelly!
Your Fighting skill increases to level 6!
Your Armour skill increases to level 5!
Your Dodging skill increases to level 3!
You barely miss the quokka. The quokka bites you.
You barely miss the quokka. Your headbutt misses the quokka.
The quokka barely misses you. The quokka bites you.
You hit the quokka but do no damage. The quokka bites you.
You hit the quokka. You headbutt the quokka.
You kill the quokka!
The hound bites you.
* * * LOW HITPOINT WARNING * * *
You closely miss the hound. The hound bites you.
* * * LOW HITPOINT WARNING * * *
You completely miss the hound. Your headbutt misses the hound.
You block the hound's attack. The hound closely misses you.
You sock the hound!
The hound is severely wounded.
The hound barely misses you. The hound closely misses you.
You hit the hound but do no damage. Your headbutt misses the hound.
The hound is severely wounded.
The hound bites you.
* * * LOW HITPOINT WARNING * * *
The hound bites you.
* * * LOW HITPOINT WARNING * * *
You barely miss the hound.
The hound is severely wounded.
The hound barely misses you.
You hit the hound.
The hound is almost dead.
The hound barely misses you. The hound bites you.
You die... ▓▓▓▓▓▓▓▓▓▓▓▓▓▓▓▓▓▓ +....Sh@....†...<▓ ▓▓▓▓▓▓▓▓▓▓▓▓▓▓▓▓▓▓

You could see a hound and an adder.

Vanquished Creatures
  A jelly (D)
  An iguana (D)
  A dart slug (D)
  2 ball pythons (D)
  2 hobgoblins (D)
  A quokka (D)
8 creatures vanquished.

Notes
Turn   | Place    | Note
-------+----------+-------------------------------------------
     0 | D        | 123456 the Minotaur Fighter began the quest for the Orb.
     0 | D        | Reached XP level 1. HP: 19/19 MP: 0/0
     5 | D        | Reached skill level 4 in Fighting
     9 | D        | Reached skill level 1 in Dodging
    18 | D        | Reached XP level 2. HP: 28/28 MP: 1/1
    27 | D        | Reached skill level 5 in Fighting
    27 | D        | Reached skill level 5 in Maces & Flails
    27 | D        | Reached XP level 3. HP: 28/37 MP: 2/2
    30 | D        | Reached skill level 6 in Fighting
    30 | D        | Reached skill level 5 in Armour
    39 | D        | Slain by a hound

Illustrated notes

Levels and vault maps discovered:
D:        linesprint [early_d, line_temple, items_1, d_10, items_2, lair_1,
          lair_end, items_3, orc_1, orc_end, items_4, d_15, swamp_1, shoals_1,
          snake_1, spider_1, d_20, vaults_1, items_5, swamp_end, shoals_end,
          snake_end, spider_end, vaults_end, d_27, items_6, zot_1, zot_end,
          crypt_end, forest_end, elf_end, slime_end, tomb_end, abyss_end,
          pan_hell_end]

Skill      XL: |  1  2  3 |
---------------+----------+-----
Fighting       | 4 5 6 |  6.5
Maces & Flails | 3 5 |  5.8
Dodging        | 1 2 3 |  3.0
Armour         | 4 5 |  5.1
Shields        | |  3.6

Action                     || total
---------------------------++-------
  Melee: Flail             ||    29
         Headbutt          ||     3
 Armour: Scale mail        ||     5
  Dodge: Dodged            ||    15
  Block: Buckler           ||     2

Table legend: (Time is in decaauts)
 A = Elapsed time spent in this place.
 B = Non-inter-level travel time spent in this place.
 C = Inter-level travel time spent in this place.
 D = Time resting spent in this place.
 E = Time spent auto-exploring this place.
 F = Levels seen in this place.
 G = Mean time per level.
                   A        B        C        D        E       F      G
               +--------+--------+--------+--------+--------+-----+--------+
         Total |     45 |     45 |      0 |      0 |      9 |   1 |   45.0 |
       Dungeon |     45 |     45 |      0 |      0 |      9 |   1 |   45.0 |
               +--------+--------+--------+--------+--------+-----+--------+

Top non-repeatable levels by time:
       D: 45 daAuts
